Map: Catalyst LE

Players

Pursuit - Winner!

  • Race: Terran Terran
  • League: Master
  • Spawn Location: 11:00

A.I. 1 (Very Easy)

  • Race: Terran Terran
  • Spawn Location: 5:00

VOD

https://www.youtube.com/watch?v=j5RyngJ8glw

Description

Time

  • Played on: Dec. 8, 2017, 12:26 a.m.
  • Length: 10:25
Show
View Real Time Build Order
Export as new Build Order

Pursuit Terran - Winner!

Build Orders: Cyclone Opening, Reaper Expand, Mech 

Get SALT Encoding   

  12  0:00  SCV  
  13  0:13  SCV  
  14  0:17  Supply Depot  
  14  0:25  SCV  
  15  0:29  Refinery  
  15  0:39  SCV  
  16  0:46  Barracks  
  16  0:51  SCV  
  17  1:03  SCV  
  18  1:15  SCV  
  19  1:32  Orbital Command  
  19  1:33  Reaper  
  20  1:44  Command Center  
  20  1:54  Factory  
  20  1:58  SCV  
  21  2:04  Refinery  
  21  2:07  Barracks Reactor  
  21  2:14  SCV  
  22  2:15  Supply Depot  
  22  2:28  SCV  
  23  2:41  SCV  
  24  2:50  Cyclone  
  27  2:53  SCV  
  27  2:56  Orbital Command  
  27  2:58  Cyclone  
  31  3:05  SCV  
  32  3:17  SCV  
  33  3:22  Cyclone, SCV  
  37  3:29  SCV  
  37  3:31  Cyclone  
  41  3:35  SCV  
  42  3:41  SCV  
  42  3:42  Command Center  
  42  3:48  Barracks Tech Lab, Supply Depot  
  43  3:50  SCV  
  43  3:54  SCV  
  45  3:57  Refinery  
  45  3:58  Refinery  
  45  4:09  SCV  
  47  4:10  SCV  
  47  4:11  Siege Tank  
  50  4:21  SCV  
  50  4:22  SCV  
  50  4:23  Factory  
  52  4:29  Supply Depot  
  52  4:33  SCV  
  52  4:34  SCV  
  52  4:35  Factory  
  52  4:38  Barracks Tech Lab  
  54  4:51  SCV x2  
  54  4:52  Engineering Bay  
  56  4:53  Siege Tank  
  56  4:55  Orbital Command  
  59  5:03  SCV x2  
  59  5:04  Armory  
  59  5:06  Armory  
  61  5:14  Siege Tank  
  64  5:15  SCV x2  
  64  5:21  SCV  
  67  5:25  Siege Tank  
  67  5:27  SCV x2  
  72  5:33  Supply Depot  
  72  5:35  Supply Depot, Hellion x2  
  76  5:41  Orbital Command, SCV  
  77  5:50  Supply Depot  
  77  5:55  SCV, Siege Tank  
  77  5:56  Supply Depot  
  81  5:58  Siege Tank  
  81  5:59  SCV  
  81  6:01  Terran Vehicle Weapons Level 1  
  85  6:06  Terran Vehicle And Ship Armor Level 1  
  85  6:07  SCV x2  
  85  6:10  Refinery  
  87  6:11  SCV  
  87  6:16  Supply Depot  
  88  6:18  Refinery  
  88  6:19  SCV  
  88  6:20  SCV, Hellion x2  
  88  6:23  SCV  
  88  6:25  Supply Depot  
  95  6:31  SCV, Missile Turret  
  95  6:32  SCV  
  97  6:35  SCV  
  98  6:41  Factory  
  98  6:42  Factory  
  98  6:43  SCV  
  98  6:44  SCV  
  102  6:47  Hellion x3  
  102  6:50  Siege Tank  
  102  6:51  Infernal Pre-Igniter  
  102  6:53  SCV  
  110  6:55  Rapid Fire Launchers  
  110  6:57  SCV x2  
  112  7:04  Supply Depot  
  112  7:05  Supply Depot  
  112  7:06  SCV  
  113  7:09  SCV x2, Siege Tank  
  113  7:10  Cyclone  
  113  7:13  Cyclone  
  124  7:21  Supply Depot  
  124  7:26  Siege Tank, Factory Tech Lab  
  124  7:27  Factory Reactor  
  124  7:29  Supply Depot  
  127  7:33  Command Center  
  127  7:43  Cyclone x2  
  133  7:45  Cyclone  
  133  7:46  Hellion  
  138  7:55  Supply Depot  
  138  7:57  Terran Vehicle Weapons Level 2  
  138  8:02  Terran Vehicle And Ship Armor Level 2  
  138  8:04  Hellion x3  
  144  8:08  Hellion  
  146  8:12  Supply Depot  
  146  8:15  Supply Depot, Hellion  
  146  8:19  Supply Depot  
  148  8:20  Supply Depot  
  148  8:23  Cyclone x2  
  148  8:25  Cyclone  
  157  8:29  Cyclone  
  157  8:30  Hellion  
  157  8:31  Hellion  
  164  8:56  Command Center  
  164  8:57  Cyclone x2  
  164  8:58  Factory, Cyclone  
  164  8:59  Factory  
  173  9:04  Cyclone  
  173  9:05  Hellion  
  178  9:25  Cyclone x2  
  178  9:26  Cyclone  
  187  9:36  Planetary Fortress  
  187  9:58  Hellion x2  
  187  9:59  Factory Tech Lab x2  
  200  10:06  Refinery  
  200  10:10  Refinery  
  200  10:14  Supply Depot x3  
  200  10:15  Supply Depot  
Show
View Real Time Build Order
Export as new Build Order

A.I. 1 (Very Easy) Terran 

Build Orders: Reaper Expand 

Get SALT Encoding   

  12  0:00  SCV  
  13  0:13  SCV  
  14  0:18  Supply Depot  
  14  0:43  Barracks  
  14  1:04  Command Center  
  14  1:29  Orbital Command  
  14  1:30  Marine  
  14  1:32  Supply Depot  
  15  1:40  Refinery  
  15  1:52  Refinery  
  15  1:55  SCV  
  16  2:07  SCV  
  17  2:19  SCV  
  17  2:20  Reaper  
  17  2:21  SCV  
  20  2:31  SCV  
  20  2:35  SCV  
  22  2:43  SCV  
  23  2:49  SCV  
  24  2:55  Refinery  
  24  2:57  SCV  
  25  3:03  Marine  
  25  3:04  SCV  
  27  3:11  SCV  
  28  3:18  SCV  
  28  3:19  Factory  
  29  3:41  Refinery  
  29  3:44  SCV  
  29  3:46  Marine  
  31  3:51  SCV  
  32  3:56  Supply Depot  
  32  3:58  SCV  
  33  4:05  SCV, Starport  
  34  4:12  SCV  
  35  4:20  SCV  
  36  4:27  SCV  
  36  4:30  Reaper  
  38  4:34  SCV  
  38  4:36  Supply Depot  
  39  4:41  SCV  
  39  4:42  Starport Tech Lab  
  40  4:48  SCV  
  41  4:55  SCV  
  42  5:00  Raven  
  42  5:03  SCV, Barracks Tech Lab  
  45  5:10  SCV  
  46  5:17  SCV  
  47  5:22  Marine  
  48  5:43  Raven  
  50  6:01  SCV  
  50  6:05  Marine  
  51  6:49  Marauder  
  52  8:49  SCV  
  53  9:44  Marine  
  43  9:54  Supply Depot  
  43  9:55  SCV  
  21  10:07  SCV  
Tags
 
Add a new tag
Caveats
  • Supply blocks, unpowered buildings, or Contaminate may cause inaccurate times.
  • Supply counts are checked every 10 seconds.